 Dungeon Crawl Stone Soup version 0.30-a0-782-ge64f9170bb (webtiles) character file.

Game seed: 10871513990383087079

79419 vineage the Warrior (level 15, -12/107 HPs)
             Began as a Gargoyle Fighter on Mar 2, 2023.
             Was an Elder of Okawaru.
             Mangled by an orc knight
             ... wielding a +0 long sword
              (29 damage)
             ... on level 2 of the Orcish Mines.
             The game lasted 00:25:22 (23228 turns).

vineage the Warrior (Gargoyle Fighter)             Turns: 23228, Time: 00:25:23

Health: -12/107    AC: 39    Str: 27    XL:     15   Next: 63%
Magic:  15/17      EV: 18    Int:  9    God:    Okawaru [****..]
Gold:   2755       SH:  5    Dex: 14    Spells: 14/14 levels left

rFire   + + +      SeeInvis .    D - +7 great mace "Firestarter" {flame, inner flame, rFlCloud rF++}
rCold   . . .      Faith    .    (shield currently unavailable)
rNeg    + + +      Spirit   .    H - +2 ring mail {rF+}
rPois   ∞          Reflect  +    W - +1 helmet of Meager the Leaf {rPois rN++}
rElec   +          Harm     .    n - +2 cloak "Ezumuje" {rF++ Stlth+}
rCorr   +          Rampage  .    x - +2 pair of gloves
Will    +....                    M - +0 pair of boots "Dyluchoa" {rPois rF- rCorr Dex+5}
Stlth   +++                      q - amulet of reflection
HPRegen 0.37/turn                v - +4 ring of protection
MPRegen 0.15/turn                T - +5 ring of evasion

@: about to teleport, heroic, flying
A: sickness immunity, AC +11, big wings, negative energy resistance 1,
electricity resistance, torment resistance 1, petrification resistance
a: Renounce Religion, Heroism, Finesse


You were on level 2 of the Orcish Mines.
You worshipped Okawaru.
Okawaru was greatly pleased with you.
You visited 4 branches of the dungeon, and saw 19 of its levels.
You also visited: Sewer, Bailey and Volcano.

You collected 2755 gold pieces.

Inventory:

Hand Weapons
 a - a +1 flail of protection
 D - the +7 great mace "Firestarter" (weapon) {flame, inner flame, rFlCloud rF++}
   (You found it on level 5 of the Lair of Beasts)

   rFlCloud:  It grants immunity to clouds of flame.
   rF:        It greatly protects you from fire.
Missiles
 C - a throwing net (quivered)
Armour
 c - a +1 buckler
 n - the +2 cloak "Ezumuje" (worn) {rF++ Stlth+}
   (You acquired it on level 3 of the Dungeon)

   rF:        It greatly protects you from fire.
   Stlth:     It makes you more stealthy.
 x - a +2 pair of gloves (worn)
 H - a +2 ring mail of fire resistance (worn)
 M - the +0 pair of boots "Dyluchoa" (worn) {rPois rF- rCorr Dex+5}
   (Okawaru gifted it to you on level 2 of the Lair of Beasts)

   Dex:       It affects your dexterity (+5).
   rF:        It makes you vulnerable to fire.
   rPois:     It protects you from poison.
   rCorr:     It protects you from acid and corrosion.
 W - the +1 helmet of Meager the Leaf (worn) {rPois rN++}
   (Okawaru gifted it to you on level 5 of the Lair of Beasts)

   rPois:     It protects you from poison.
   rN:        It greatly protects you from negative energy.
Jewellery
 d - a ring of ice
 m - a ring of protection from fire
 o - a ring of willpower
 q - an amulet of reflection (around neck)
 v - a +4 ring of protection (left hand)
 K - a ring of protection from fire
 T - a +5 ring of evasion (right hand)
Wands
 l - a wand of mindburst (15)
 J - a wand of roots (27)
 O - a wand of paralysis (8)
 P - a wand of flame (9)
 U - a wand of quicksilver (7)
Scrolls
 r - 2 scrolls of amnesia
 s - 5 scrolls of enchant armour
 u - 4 scrolls of vulnerability
 w - 4 scrolls of immolation
 y - 4 scrolls of teleportation
 B - 3 scrolls of enchant weapon
 L - 5 scrolls of identify
 N - 2 scrolls of brand weapon
 R - 3 scrolls of fog
Potions
 b - 4 potions of flight
 e - 3 potions of magic
 f - 7 potions of heal wounds
 g - 8 potions of curing
 h - a potion of lignification
 i - a potion of degeneration
 j - 7 potions of haste
 k - 3 potions of attraction
 p - 2 potions of ambrosia
 t - 4 potions of mutation
 z - a potion of berserk rage {unknown}
 A - 8 potions of might
 E - 3 potions of resistance
 G - 5 potions of brilliance
 I - 6 potions of cancellation
 V - a potion of invisibility {unknown}


   Skills:
 + Level 17.3(22.3) Fighting
 + Level 13.9(18.9) Maces & Flails
 + Level 14.3(19.3) Armour
 - Level 13.3(18.3) Shields
 - Level 3.0 Invocations


You had 14 spell levels left.
You didn't know any spells.
Your spell library contained the following spells:

 Spells                   Type           Power      Damage    Failure   Level
 Beastly Appendage        Tmut           0%         N/A       45%         1
 Kiss of Death            Conj/Necr      0%         2d5       45%         1
 Sting                    Tmut/Pois      0%         1d3       45%         1
 Poisonous Vapours        Pois/Air       0%         N/A       61%         2
 Wereblood                Tmut           0%         N/A       61%         2
 Confusing Touch          Hex            0%         N/A       83%         3
 Dazzling Flash           Conj/Hex       0%         N/A       83%         3
 Spider Form              Tmut/Pois      0%         N/A       83%         3
 Dispel Undead            Necr           0%         3d6       99%         4
 Olgreb's Toxic Radiance  Pois           0%         N/A       99%         4
 Petrify                  Tmut/Erth      0%         N/A       99%         4
 Agony                    Necr           0%         N/A       100%        5
 Blade Hands              Tmut           0%         N/A       100%        5
 Irradiate                Conj/Tmut      0%         3d11      100%        5
 Silence                  Hex/Air        0%         N/A       100%        5
 Iron Shot                Conj/Erth      0%         9d1       100%        6
 Sublimation of Blood     Necr           Unusable   N/A       N/A         2
 Animate Armour           Summ/Erth      Unusable   N/A       N/A         4

Dungeon Overview and Level Annotations

Branches:
Dungeon (11/15)            Temple (1/1) D:4            Lair (5/5) D:10
 Shoals (0/4) Lair:3        Snake (0/4) Lair:2        Slime (0/5) Lair:5
    Orc (2/2) D:11            Elf (0/3) Orc:2         Sewer (visited)
 Bailey (visited)         Volcano (visited)

Altars:
Elyvilon
Fedhas
Hepliaklqana
Kikubaaqudgha
Nemelex Xobeh
Okawaru
Uskayaw
Vehumet
Xom
Yredelemnul
Zin
The Shining One
Jiyva

Shops:
D:2 !   D:3 *   Orc:2 *?

Portals:
Trove: D:10 (give 8 potions of haste)

Annotations:
Lair:4 exclusion: oklob plant


Innate Abilities, Weirdness & Mutations

You are immune to sickness and miasma.
Your stone body is resilient. (AC +11)
You are immune to poison.
Your large and strong wings let you fly.
You resist negative energy. (rN+)
You are resistant to electric shocks. (rElec)
You are resistant to unholy torment.
You are immune to petrification.


Message History

The orc knight hits you but does no damage.
The orc sorcerer hits you but does no damage.
The orc warrior hits you with a +0 war axe!
* * * LOW HITPOINT WARNING * * *
The red devil hits you but does no damage.
The smoke demon is engulfed in blazing flames.
The smoke demon barely misses you.
The smoke demon hits you but does no damage. x2
You can move again.
You are too injured to fight recklessly!
You are too injured to fight recklessly!
You are too injured to fight recklessly!
You are too injured to fight recklessly!
You are too injured to fight recklessly!
You feel much better.
The orc warrior is engulfed in blazing flames.
The orc sorcerer hits you but does no damage.
The smoke demon is engulfed in blazing flames.
The smoke demon gestures at you.
The ball of steam hits you but does no damage.
You gain the combat prowess of a mighty hero.
The orc warrior is engulfed in blazing flames.
The orc sorcerer hits you but does no damage.
The orc warrior hits you with a +0 war axe!!
* * * LOW HITPOINT WARNING * * *
The ice devil is engulfed in a cloud of scalding steam.
Blink to where?
Press: ? - help, Dir - move target
As you read the scroll of blinking, it crumbles to dust.
Okawaru accepts your kill.
You feel a bit more experienced. The ice devil closely misses you.
As you read the scroll of teleportation, it crumbles to dust.
You feel strangely unstable.
The orc sorcerer gestures wildly while chanting.
The orc knight hits you with a +0 long sword.
* * * LOW HITPOINT WARNING * * *
You block the ice devil's attack.
The orc knight attacks as you move away!
The orc knight hits you with a +0 long sword!!
You die... ...#...## .....#.∩## ##..#.....# ##..o..#.∩# ##.ooo#...# ##4o3#o...# #4333oooo# #3o4###4o## ## #..o ##)@## .## #..o ##.)## ..## o#o

##).## ...##
.. ##.)##
....## .
##).## .....#
##..##
.....####..##
......)#)).#
..#..)))))##


You could see 2 orc knights, an orc high priest (strong), an ice devil
(summoned), a smoke demon (summoned), an orc sorcerer (strong), an orc warrior
(strong), an orc priest (strong) and 4 orcs.

Vanquished Creatures
  Nessos (Orc:2)
  Azrael (Orc:2)
  A fire dragon (Volcano)
  4 hydras
  A boulder beetle (Lair:4)
  A catoblepas (Lair:5)
  4 two-headed ogres
  A deep troll shaman (Lair:5)
  3 orc high priests (Orc:2)
  10 death yaks
  A skyshark (Lair:5)
  6 lindwurms
  6 orc knights
  An ugly thing (D:11)
  A deep elf pyromancer (Bailey)
  2 orc sorcerers (Orc:1)
  2 cyclopes (D:11)
  Maurice (D:10)
  2 merfolk sirens (Lair:3)
  The ghost of Reshi88 the Shield-Bearer, a novice TrFi (D:5)
  A rust devil (Orc:2)
  13 elephants
  8 black mambas
  2 torpor snails (Lair:5)
  9 cane toads
  4 smoke demons (Volcano)
  10 komodo dragons
  12 rime drakes
  2 merfolk (Lair:3)
  A polar bear (Lair:3)
  2 trolls
  10 blink frogs
  5 dream sheep (Lair:5)
  2 shadows
  36 yaks
  A ynoxinul (Orc:2)
  A wyvern (D:9)
  A vampire (D:11)
  2 basilisks
  A fire elemental (Orc:2)
  17 steam dragons
  Eustachio (D:4)
  4 vampire mosquitoes (D:10)
  2 wargs (Orc:2)
  An acid dragon (D:8)
  6 hell hounds
  10 water moccasins
  6 black bears
  42 orc warriors
  2 ice beasts
  14 wolves
  5 ogres
  10 centaurs
  11 bullfrogs
  A necrophage (D:6)
  A scorpion (D:5)
  4 wights (D:6)
  21 killer bees
  2 electric eels (Lair:4)
  4 crimson imps (D:9)
  2 gnoll boudas (D:6)
  2 jellies
  25 orc priests
  A hound (D:7)
  An iguana (D:4)
  Natasha (thrice) (D:2)
  16 orc wizards
  A mummy (D:4)
  9 adders
  19 gnolls
  4 river rats (Sewer)
  A shadow imp (D:8)
  2 white imps
  A worm (D:3)
  6 dart slugs
  94 orcs
  10 ball pythons
  12 endoplasms
  5 giant cockroaches
  21 goblins
  5 hobgoblins
  7 jackals (D:5)
  16 kobolds
  A quokka (D:3)
  3 bats
  4 frilled lizards
  A hobgoblin zombie (D:4)
  2 kobold zombies (D:4)
  An orc zombie (D:4)
  18 rats
630 creatures vanquished.

Vanquished Creatures (others)
  An orc high priest (Orc:2)
  Sonja (D:11)
  A rime drake (Lair:3)
  An orc wizard (D:9)
  An orc (Orc:2)
  13 fungi
  22 plants
40 creatures vanquished.

Grand Total: 670 creatures vanquished

Notes
Turn   | Place    | Note
-------+----------+-------------------------------------------
     0 | D:1      | vineage the Gargoyle Fighter began the quest for the Orb.
     0 | D:1      | Reached XP level 1. HP: 14/14 MP: 1/1
    49 | D:1      | Reached XP level 2. HP: 15/20 MP: 2/2
   270 | D:1      | Reached XP level 3. HP: 11/24 MP: 3/3
   272 | D:1      | Reached skill level 4 in Fighting
   595 | D:1      | You fall into a shaft and drop 1 floor!
  1056 | D:2      | Found Ownaesuw's Distillery.
  1451 | D:2      | Noticed Natasha
  1457 | D:2      | Killed Natasha
  1458 | D:2      | Reached XP level 4. HP: 21/30 MP: 4/4
  1824 | D:2      | Noticed Natasha
  1834 | D:2      | Killed Natasha
  1903 | D:2      | Noticed Natasha
  1911 | D:2      | Killed Natasha
  1912 | D:2      | Reached XP level 5. HP: 34/34 MP: 5/5
  1973 | D:3      | Identified a scroll of acquirement
  1973 | D:3      | Acquired the +2 cloak "Ezumuje" {rF++ Stlth+}
  2007 | D:3      | Found Paoreh's Assorted Antiques.
  2127 | D:3      | Reached skill level 5 in Fighting
  2454 | D:3      | Found a faded altar of an unknown god.
  2458 | D:3      | Found a sparkling altar of Nemelex Xobeh.
  2835 | D:4      | Noticed Eustachio
  2967 | D:4      | Reached XP level 6. HP: 40/40 MP: 6/6
  3030 | D:4      | Found a glowing silver altar of Zin.
  3394 | D:4      | Killed Eustachio
  3395 | D:4      | Reached skill level 6 in Fighting
  3395 | D:4      | Reached skill level 5 in Maces & Flails
  3499 | D:4      | Found a staircase to the Ecumenical Temple.
  3513 | D:4      | Reached XP level 7. HP: 47/47 MP: 7/7
  3552 | Temple   | Entered the Ecumenical Temple
  3572 | Temple   | Became a worshipper of Warmaster Okawaru
  3708 | D:5      | Entered Level 5 of the Dungeon
  3745 | D:5      | Noticed a steam dragon
  3760 | D:5      | Killed a steam dragon
  4215 | D:5      | Noticed Reshi88's ghost (novice TrFi)
  4217 | D:5      | Found a transporter.
  4258 | D:5      | Found a transporter.
  4316 | D:5      | Reached * piety under Okawaru
  4712 | D:5      | Reached skill level 7 in Fighting
  4730 | D:5      | Killed Reshi88's ghost
  4731 | D:5      | Reached XP level 8. HP: 22/53 MP: 8/8
  4932 | D:6      | Reached skill level 5 in Shields
  4941 | D:6      | Found a large runed translucent door.
  4941 | D:6      | Found a large runed translucent door.
  5179 | D:6      | Reached skill level 5 in Armour
  5280 | D:6      | Reached ** piety under Okawaru
  5362 | D:6      | Reached skill level 8 in Fighting
  5362 | D:6      | Reached XP level 9. HP: 59/59 MP: 9/9
  5494 | D:6      | Found a glowing drain.
  5553 | Sewer    | Entered a sewer
  6506 | D:6      | Found a radiant altar of Vehumet.
  6518 | D:6      | Found a blossoming altar of Fedhas.
  7093 | D:7      | Reached *** piety under Okawaru
  7397 | D:7      | Found a glowing golden altar of the Shining One.
  7492 | D:8      | Reached skill level 1 in Invocations
  7672 | D:8      | Reached skill level 9 in Fighting
  7719 | D:8      | Found a hide-covered altar of Uskayaw.
  7864 | D:8      | Reached XP level 10. HP: 55/66 MP: 11/11
  8421 | D:9      | Reached **** piety under Okawaru
  8556 | D:9      | Found a shimmering altar of Xom.
  8582 | D:9      | Received a gift from Okawaru
  8632 | D:9      | Noticed a two-headed ogre
  8650 | D:9      | Killed a two-headed ogre
  8651 | D:9      | Reached skill level 10 in Fighting
  9056 | D:9      | Noticed a four-headed hydra
  9612 | D:9      | Killed a four-headed hydra
  9613 | D:9      | Reached XP level 11. HP: 66/73 MP: 11/13
  9697 | D:10     | Entered Level 10 of the Dungeon
  9775 | D:10     | Found a portal to a secret trove of treasure.
  9823 | D:10     | Found a flagged portal.
  9844 | Bailey   | Entered a bailey
 10056 | Bailey   | Found a large runed translucent door.
 10056 | Bailey   | Found a large runed translucent door.
 10056 | Bailey   | Noticed an orc knight
 10058 | Bailey   | Noticed a deep elf pyromancer
 10096 | Bailey   | Killed an orc knight
 10226 | Bailey   | Killed a deep elf pyromancer
 10422 | D:10     | Found a staircase to the Lair.
 10503 | D:10     | Found an ancient bone altar of Kikubaaqudgha.
 10509 | D:10     | Noticed Maurice
 10535 | D:10     | Killed Maurice
 10836 | D:10     | Reached skill level 11 in Fighting
 10935 | D:11     | Noticed Sonja
 10947 | D:11     | Killed Sonja
 11055 | D:11     | Reached skill level 10 in Maces & Flails
 11178 | D:11     | Noticed a two-headed ogre
 11192 | D:11     | Killed a two-headed ogre
 11212 | D:11     | Noticed a two-headed ogre
 11235 | D:11     | Killed a two-headed ogre
 11236 | D:11     | Reached skill level 10 in Armour
 11236 | D:11     | Reached skill level 10 in Shields
 11352 | D:11     | Noticed a red ugly thing
 11367 | D:11     | Killed a red ugly thing
 11473 | D:11     | Found a staircase to the Orcish Mines.
 11514 | D:11     | Noticed a cyclops
 11537 | D:11     | Reached XP level 12. HP: 78/80 MP: 14/14
 11559 | D:11     | Reached ***** piety under Okawaru
 12121 | D:11     | Reached skill level 14 in Fighting
 12121 | D:11     | Reached XP level 13. HP: 91/91 MP: 15/15
 12169 | Lair:1   | Entered Level 1 of the Lair of Beasts
 13158 | Lair:2   | Received a gift from Okawaru
 13371 | Lair:2   | Found a staircase to the Snake Pit.
 13402 | Lair:2   | Reached skill level 15 in Fighting
 14477 | Lair:2   | Identified the +0 pair of boots "Dyluchoa" {rPois rF- rCorr
                  | Dex+5} (Okawaru gifted it to you on level 2 of the Lair of
                  | Beasts)
 14477 | Lair:2   | Received a gift from Okawaru
 14802 | Lair:3   | Gained mutation: Your large and strong wings let you fly.
                  | [Gargoyle growth]
 14802 | Lair:3   | Reached XP level 14. HP: 66/98 MP: 16/16
 15146 | Lair:3   | Found a staircase to the Shoals.
 17683 | Lair:4   | Reached skill level 16 in Fighting
 17887 | Lair:4   | Found a blossoming altar of Fedhas.
 18141 | Lair:5   | Entered Level 5 of the Lair of Beasts
 19258 | Lair:5   | Identified the +0 rapier "Plog" {heavy, rPois Int+3 Dex+4}
 19554 | Lair:5   | Identified the +1 helmet of Meager the Leaf {rPois rN++}
                  | (Okawaru gifted it to you on level 5 of the Lair of Beasts)
 19554 | Lair:5   | Received a gift from Okawaru
 20149 | Lair:5   | Found a runed translucent door.
 20149 | Lair:5   | Found a viscous altar of Jiyva.
 20361 | Lair:5   | Reached XP level 15. HP: 60/105 MP: 17/17
 20629 | Lair:5   | Found the +7 great mace "Firestarter" {flame, inner flame,
                  | rFlCloud rF++}
 20785 | Lair:5   | Found a staircase to the Slime Pits.
 21051 | Orc:1    | Entered Level 1 of the Orcish Mines
 21131 | Orc:1    | Paralysed by an orc sorcerer for 5 turns
 21693 | Orc:1    | Found a dark tunnel.
 21698 | Volcano  | Entered a volcano
 21997 | Volcano  | Reached skill level 17 in Fighting
 22432 | Orc:2    | Entered Level 2 of the Orcish Mines
 22488 | Orc:2    | Found a staircase to the Elven Halls.
 22803 | Orc:2    | Found Iroargh's Magic Scroll Shoppe.
 22808 | Orc:2    | Found Puwenow's General Store.
 22865 | Orc:2    | Noticed Azrael
 22871 | Orc:2    | Killed Azrael
 22878 | Orc:2    | Noticed Nessos
 22890 | Orc:2    | Killed Nessos
 23219 | Orc:2    | Paralysed by an orc sorcerer for 5 turns
 23228 | Orc:2    | Mangled by an orc knight

Illustrated notes

Levels and vault maps discovered:
D:1:      shiori_arrival_elements, layout_basic
D:2:      layout_loops_cross, serial_shops, shop, uniq_natasha
D:3:      layout_rooms, nicolae_overflow_ecumenical_swirl, serial_shops, shop,
          dreamdust_princess_corridor, small_statue_intersection,
          minmay_misc_feat_rugged, hangedman_abyss_or_decor_lesser_grid
D:4:      kennysheep_the_goblin_king, layout_basic, general_overflow_altar,
          minmay_temple_entry_offerings, minmay_mini_ossuary, uniq_eustachio
D:5:      layout_cave_pods, gammafunk_ghost_arena, minivault_19
D:6:      layout_loops_corners, jmf_multi_god_temple2, gup_sewer_entry_glass
D:7:      layout_cave_pools, mainiacjoe_overflow_alcove_2, serial_bayou_crossing
D:8:      layout_rooms, lemuel_tele_altar
D:9:      layout_basic, led_xom_imps, kennysheep_dice
D:10:     layout_roguey, mainiacjoe_overflow_cross_hatched, lair_entry_dummy,
          enter_trove_6, enter_bailey_5, uniq_maurice
D:11:     lemuel_ice_spiral_2, layout_irregular_city, orc_0_dummy, uniq_sonja
Temple:   jpeg_temple_clearing
Lair:1:   layout_small_grid, nicolae_quartered_pool_medium, grunt_megastairs_1,
          serial_bayou_shore_a
Lair:2:   layout_misc_corridors
Lair:3:   layout_layer_cave, elwin_shoals_entry_stream, bobbens_dragon_lair_wall
Lair:4:   layout_gridlike, tgw_fedhas
Lair:5:   grunt_lair_end_beastmaster, layout_loops_ring, slime_entry_2,
          st_stairs_13
Orc:1:    cheibrodos_orc_arena, layout_caves, enter_volcano_4
Orc:2:    pf_orc_diabolical, layout_caves, serial_shops, nicolae_lakefront_shop,
          uniq_nessos, uniq_azrael

Skill      XL: |  1  2  3  4  5  6  7  8  9 10 11 12 13 14 15 |
---------------+----------------------------------------------+-----
Fighting       | 4 5 6 7 8 9 10 11 14 15 16 17 | 17.3
Maces & Flails | 3 4 5 6 7 9 10 11 12 13 | 13.9
Armour         | 4 5 7 8 10 11 13 14 | 14.3
Shields        | 4 5 7 8 10 11 13 | 13.3
Invocations    | 2 3 |  3.0

Action                     |  1- 3 |  4- 6 |  7- 9 | 10-12 | 13-15 || total
---------------------------+-------+-------+-------+-------+-------++-------
  Melee: Flail             |    74 |   194 |   500 |   697 |  1397 ||  2862
         Great mace        |       |       |       |       |   241 ||   241
 Invoke: Heroism           |       |       |       |    13 |    20 ||    33
    Use: Scroll            |     2 |    11 |    12 |     5 |     7 ||    37
         Potion            |       |       |     2 |     1 |     4 ||     7
   Stab: Petrified         |       |       |       |       |    13 ||    13
         Sleeping          |       |       |       |       |     4 ||     4
         Petrifying        |       |       |       |       |     2 ||     2
 Armour: Scale mail        |    26 |    90 |       |       |       ||   116
         Chain mail        |       |    13 |   194 |       |       ||   207
         Ring mail         |       |       |   196 |   355 |   943 ||  1494
  Dodge: Dodged            |    29 |    72 |   195 |   293 |   777 ||  1366
  Block: Buckler           |    11 |    97 |   356 |   428 |   964 ||  1856
         Reflection        |       |     8 |    10 |     7 |     7 ||    32
         Other             |       |       |       |       |    66 ||    66

Table legend: (Time is in decaauts)
 A = Elapsed time spent in this place.
 B = Non-inter-level travel time spent in this place.
 C = Inter-level travel time spent in this place.
 D = Time resting spent in this place.
 E = Time spent auto-exploring this place.
 F = Levels seen in this place.
 G = Mean time per level.
                   A        B        C        D        E       F      G
               +--------+--------+--------+--------+--------+-----+--------+
         Total |  23081 |  21852 |   1229 |   3761 |  13272 |  22 | 1049.1 |
       Dungeon |  11239 |  10424 |    815 |    880 |   7374 |  11 | 1021.7 |
        Temple |     36 |     18 |     18 |      0 |     13 |   1 |   36.0 |
          Lair |   8608 |   8262 |    346 |   2264 |   4347 |   5 | 1721.6 |
  Orcish Mines |   1663 |   1614 |     49 |    454 |    797 |   2 |  831.5 |
         Sewer |    585 |    585 |      0 |      0 |    368 |   1 |  585.0 |
        Bailey |    440 |    440 |      0 |      9 |    207 |   1 |  440.0 |
       Volcano |    507 |    507 |      0 |    154 |    165 |   1 |  507.0 |
               +--------+--------+--------+--------+--------+-----+--------+

Top non-repeatable levels by time:
  Lair:5: 2725 daAuts
  Lair:3: 2047 daAuts
  Lair:2: 1562 daAuts
     D:6: 1463 daAuts
     D:9: 1424 daAuts
  Lair:4: 1322 daAuts
    D:11: 1237 daAuts
     D:4: 1189 daAuts
     D:5: 1171 daAuts
     D:1: 992 daAuts
  Lair:1: 951 daAuts
     D:2: 935 daAuts
   Orc:1: 875 daAuts
     D:8: 808 daAuts
   Orc:2: 788 daAuts
